 Dungeon Crawl Stone Soup version 0.28-a0-631-g0446da8ef9 (webtiles) character file.

Game seed: 12858020271354160559

5119 AttackTheMoon the Sneak (level 10, -9/68 HPs)
             Began as a Kobold Delver on Oct 9, 2021.
             Was a Believer of Ashenzari.
             Mangled by a komodo dragon (25 damage)
             ... on level 1 of the Lair of Beasts.
             The game lasted 00:14:22 (13289 turns).

AttackTheMoon the Sneak (Kobold Delver)            Turns: 13289, Time: 00:14:23

Health: -9/68      AC: 12    Str: 10    XL:     10   Next: 88%
Magic:  22/22      EV: 18    Int: 17    God:    Ashenzari [**....]
Gold:   475        SH:  0    Dex: 13    Spells: 20/25 levels left

rFire   . . .      SeeInvis +   i - +6 mace "Emaexzoi" {vorpal, rPois rCorr Int+3 Dex-4}
rCold   . . .      Faith    .   (shield restricted)
rNeg    + . .      Spirit   .   A - +0 steam dragon scales
rPois   +          Reflect  .   (helmet currently unavailable)
rElec   .          Harm     .   w - +0 cloak "Prophetic Atheism" {Self, Bglg} (curse)
rCorr   +          Rampage  .   s - +1 pair of gloves "Bound Seeker" {Melee, Bglg} (curse)
Will    .....                   (boots currently unavailable)
Stlth   +++++.....              n - amulet of the acrobat
HPRegen 0.21/turn               l - ring of positive energy
MPRegen 0.18/turn               B - ring of Supernal Wisdom {AC+4, Self, Cun} (curse)

@: mighty, appendages
A: horns 2, talons 2, small, no large weapons, nightstalker 3
a: End Transformation, Renounce Religion, Shatter the Chains


You were on level 1 of the Lair of Beasts.
You worshipped Ashenzari.
Ashenzari was pleased with you.
You had temporarily grown beastly horns and talons.
You visited 3 branches of the dungeon, and saw 11 of its levels.

You collected 475 gold pieces.

Inventory:

Hand Weapons
 a - a +0 short sword
 i - the +6 mace "Emaexzoi" (weapon) {vorpal, rPois rCorr Int+3 Dex-4}
   (You found it on level 5 of the Dungeon)

   It inflicts extra damage upon your enemies.
   Int:       It affects your intelligence (+3).
   Dex:       It affects your dexterity (-4).
   rPois:     It protects you from poison.
   rCorr:     It protects you from acid and corrosion.
Armour
 b - a +1 leather armour
 s - the cursed +1 pair of gloves "Bound Seeker" (worn) {Melee, Bglg}
   (You found it on level 1 of the Dungeon)

   It has a curse which improves the following skills: Melee Combat: Short
   Blades, Long Blades, Axes, Maces & Flails, Polearms, Staves and Unarmed
   Combat.
   Beguiling: Conjurations, Hexes and Translocations.
 w - the cursed +0 cloak "Prophetic Atheism" (worn) {Self, Bglg}
   (You found it on level 6 of the Dungeon)

   It has a curse which improves the following skills: Introspection: Fighting
   and Spellcasting.
   Beguiling: Conjurations, Hexes and Translocations.
 y - a +0 plate armour
 z - a +0 buckler
 A - +0 steam dragon scales (worn)
 G - the +1 ring mail of Daisies {+Blink rN+ Will+ Str+4}
   (You found it on level 9 of the Dungeon)

   Str:       It affects your strength (+4).
   rN:        It protects you from negative energy.
   +Blink:    It lets you blink.
   Will:      It increases your willpower.
Jewellery
 l - a ring of positive energy (left hand)
 n - an amulet of the acrobat (around neck)
 x - a ring of fire
 B - the cursed ring of Supernal Wisdom (right hand) {AC+4, Self, Cun}
   (You took it off a wight on level 8 of the Dungeon)

   [ring of protection]

   AC:        It affects your AC (+4).
   It has a curse which improves the following skills: Introspection: Fighting
   and Spellcasting.
   Cunning:   Dodging and Stealth.
Wands
 g - a wand of digging (3)
 m - a wand of charming (15)
 r - a wand of iceblast (9)
 D - a wand of polymorph (14)
 E - a wand of flame (15)
Scrolls
 c - 2 scrolls of fog
 d - a scroll of magic mapping
 e - 4 scrolls of fear
 t - 9 scrolls of identify
 u - 2 scrolls of teleportation
 C - a scroll of holy word
 F - a scroll of amnesia
Potions
 f - 5 potions of haste
 h - 2 potions of flight
 j - 2 potions of attraction
 k - 6 potions of curing
 o - 2 potions of magic
 p - a potion of invisibility
 v - 4 potions of might


   Skills:
 + Level 7.4(9.8) Fighting
 - Level 3.1(4.3) Short Blades
 + Level 5.3(6.8) Maces & Flails
 - Level 0.2 Armour
 + Level 7.6(9.1) Dodging
 - Level 7.7(9.2) Stealth
 + Level 2.5 Shields
 + Level 5.7(8.0) Spellcasting
 - Level 4.1 Necromancy
 + Level 5.8 Transmutations
 + Level 2.5 Earth Magic
 - Level 2.1 Poison Magic


You had 20 spell levels left.
You knew the following spells:

 Your Spells              Type           Power      Damage    Failure   Level
a - Beastly Appendage     Tmut           52%        N/A       1%          1
b - Sublimation of Blood  Necr           10%        N/A       3%          2
c - Wereblood             Tmut           26%        N/A       1%          2

Your spell library contained the following spells:

 Spells                   Type           Power      Damage    Failure   Level
 Animate Skeleton         Necr           40%        N/A       1%          1
 Spider Form              Tmut/Pois      10%        N/A       6%          3
 Apportation              Tloc           14%        N/A       10%         1
 Summon Small Mammal      Summ           24%        N/A       11%         1
 Petrify                  Tmut/Erth      20%        N/A       19%         4
 Alistair's Intoxication  Tmut/Pois      13%        N/A       50%         5
 Irradiate                Conj/Tmut      8%         3d16      63%         5
 Invisibility             Hex            3%         N/A       100%        6


Dungeon Overview and Level Annotations

Branches:
Dungeon (9/15)             Temple (1/1) D:6            Lair (1/6) D:8
    Orc: D:9-12

Altars:
Ashenzari
Dithmenos
Elyvilon
Fedhas
Gozag
Hepliaklqana
Kikubaaqudgha
Makhleb
Nemelex Xobeh
Okawaru
Qazlal
Ru
Sif Muna
Trog
Uskayaw
Vehumet
Wu Jian
Xom
Yredelemnul
Zin
The Shining One
Lugonu

Shops:
D:5 *!


Innate Abilities, Weirdness & Mutations

You have temporarily grown beastly horns and talons.
You are small and have problems with some larger weapons.
You are completely attuned to the shadows.


Message History

Done exploring.
Okay, then.
(D) Dungeon (T) Temple (L) Lair
Where to? (Enter - D:9 @ (x,y), ? - help)
What level of the Lair of Beasts? (default 1, ? - help)
Things that are here:
2 boomerangs; a +0 dagger You see here a +0 mace.
There is a staircase to the Lair here.
You climb downwards.
Welcome back to the Lair of Beasts!
There is a staircase back to the Dungeon here.
A komodo dragon is nearby!
The helpless komodo dragon fails to defend itself.
You bludgeon the komodo dragon!!
The komodo dragon is heavily wounded.
The komodo dragon bites you!!
You barely miss the komodo dragon.
The komodo dragon is heavily wounded.
The komodo dragon misses you.
You grow a pair of large bovine horns.
Your feet morph into talons.
The komodo dragon bites you!
You hit the komodo dragon but do no damage.
You headbutt the komodo dragon.
The komodo dragon is heavily wounded.
The komodo dragon bites you!
* * * LOW HITPOINT WARNING * * *
You sock the komodo dragon! You headbutt the komodo dragon.
The komodo dragon is severely wounded.
The komodo dragon bites you!
* * * LOW HITPOINT WARNING * * *
You feel much better.
The komodo dragon completely misses you.
You closely miss the komodo dragon.
You claw the komodo dragon, but do no damage.
The komodo dragon is severely wounded.
The komodo dragon bites you.
* * * LOW HITPOINT WARNING * * *
You feel very mighty all of a sudden. The komodo dragon bites you!!
You die...

* ,* * #$.
#..#..###
#.#.....#
##.P.>..#*
#......<#
*#.l@...#
*#.....##
* #..#...#
, #..#P..#
,.. #####
, , , , ,
, ,, ,, ,


You could see a komodo dragon.

Vanquished Creatures
  A two-headed ogre (D:9)
  The ghost of AlleluiaPinecone the Sneak, a novice VSBr of Ashenzari (D:7)
  Joseph (D:7)
  Prince Ribbit (D:8)
  4 yaks (D:8)
  3 steam dragons
  3 water moccasins
  An orc warrior (D:7)
  An ice beast (D:6)
  2 necrophages
  A hornet zombie (D:8)
  A centaur (D:6)
  A phantom (D:4)
  A gnoll sergeant (D:8)
  2 bullfrogs
  A wyvern zombie (D:9)
  2 scorpions
  2 water moccasin zombies
  A water moccasin skeleton (D:6)
  4 wights (D:8)
  7 howler monkeys
  2 centaur zombies
  A centaur skeleton (D:5)
  3 hounds
  2 jellies
  3 iguanas
  An orc wizard (D:7)
  2 killer bee zombies
  A howler monkey zombie (D:7)
  12 gnolls
  3 adders
  2 white imps
  An adder skeleton (D:5)
  2 worms
  A dart slug (D:2)
  14 orcs
  7 ball pythons
  5 bats
  4 endoplasms (D:1)
  9 goblins
  12 hobgoblins
  4 jackals (D:2)
  3 frilled lizards
  11 kobolds
  4 rats
150 creatures vanquished.

Vanquished Creatures (collateral kills)
  An orc warrior (D:7)
  An orc priest (D:7)
  2 orcs (D:7)
4 creatures vanquished.

Vanquished Creatures (others)
  2 plants
2 creatures vanquished.

Grand Total: 156 creatures vanquished

Notes
Turn   | Place    | Note
-------+----------+-------------------------------------------
     0 | D:5      | AttackTheMoon the Kobold Delver began the quest for the
                  | Orb.
     0 | D:5      | Reached XP level 1. HP: 14/14 MP: 1/1
    80 | D:5      | Reached XP level 2. HP: 1/19 MP: 2/2
    80 | D:5      | Reached XP level 3. HP: 1/23 MP: 3/3
   397 | D:5      | Reached XP level 4. HP: 28/28 MP: 4/4
   404 | D:5      | Identified the +6 mace "Emaexzoi" {vorpal, rPois rCorr
                  | Int+3 Dex-4}
   457 | D:5      | Found Tamuycza's Distillery.
   636 | D:5      | Reached XP level 5. HP: 33/33 MP: 4/6
   702 | D:5      | Noticed a necrophage
   710 | D:5      | Killed a necrophage
   711 | D:5      | Reached skill level 1 in Maces & Flails
   711 | D:5      | Reached skill level 1 in Spellcasting
   711 | D:5      | Reached skill level 1 in Transmutations
   711 | D:5      | Reached skill level 1 in Poison Magic
   711 | D:5      | Reached XP level 6. HP: 26/38 MP: 7/7
   995 | D:5      | Found Kamasam's General Store.
  1578 | D:4      | Reached XP level 7. HP: 39/44 MP: 8/10
  2432 | D:4      | Found a shimmering blue altar of Sif Muna.
  2460 | D:4      | Found a shadowy altar of Dithmenos.
  2732 | D:4      | Found an ornate altar of the Wu Jian Council.
  2796 | D:4      | Found a shimmering altar of Xom.
  4141 | D:2      | Found a burning altar of Makhleb.
  4962 | D:1      | Reached skill level 1 in Necromancy
  5245 | D:1      | Learned a level 1 spell: Beastly Appendage
  5968 | D:6      | Reached XP level 8. HP: 48/48 MP: 10/12
  5982 | D:6      | Reached skill level 5 in Fighting
  6926 | D:6      | Reached skill level 5 in Dodging
  7171 | D:6      | Found a staircase to the Ecumenical Temple.
  7450 | Temple   | Entered the Ecumenical Temple
  7496 | Temple   | Became a worshipper of Ashenzari the Shackled
  7529 | D:7      | Found a hide-covered altar of Uskayaw.
  7530 | D:7      | Found a glowing golden altar of the Shining One.
  7534 | D:7      | Found an ancient bone altar of Kikubaaqudgha.
  7743 | D:7      | Found a sacrificial altar of Ru.
  7872 | D:7      | Reached XP level 9. HP: 12/54 MP: 14/14
  8266 | D:7      | Noticed Joseph
  8276 | D:7      | Killed Joseph
  8728 | D:7      | Found a runed translucent gate.
  8728 | D:7      | Found a runed translucent gate.
  8728 | D:7      | Found a runed translucent gate.
  8963 | D:7      | Found a burning altar of Makhleb.
  9302 | D:7      | Noticed AlleluiaPinecone's ghost (novice VSBr)
  9328 | D:7      | Killed AlleluiaPinecone's ghost
  9807 | D:8      | Noticed Prince Ribbit
  9826 | D:8      | Killed Prince Ribbit
  9827 | D:8      | Reached skill level 1 in Shields
  9827 | D:8      | Reached XP level 10. HP: 29/61 MP: 17/17
 10130 | D:8      | Reached skill level 5 in Spellcasting
 10414 | D:8      | Learned a level 2 spell: Sublimation of Blood
 10623 | D:8      | Reached * piety under Ashenzari
 10631 | D:8      | Reached skill level 5 in Transmutations
 10893 | D:8      | Found a staircase to the Lair.
 10978 | D:8      | Reached skill level 1 in Earth Magic
 11279 | D:8      | Found a glowing silver altar of Zin.
 11372 | Lair:1   | Entered Level 1 of the Lair of Beasts
 11372 | Lair:1   | Noticed a komodo dragon
 11427 | D:8      | Reached skill level 5 in Maces & Flails
 11814 | D:8      | Learned a level 2 spell: Wereblood
 12281 | D:9      | Reached ** piety under Ashenzari
 12427 | D:9      | Found an opulent altar of Gozag.
 12427 | D:9      | Found a sparkling altar of Nemelex Xobeh.
 12468 | D:9      | Identified the +1 ring mail of Daisies {+Blink rN+ Will+
                  | Str+4}
 12820 | D:9      | Found a radiant altar of Vehumet.
 12827 | D:9      | Found an iron altar of Okawaru.
 12829 | D:9      | Found a bloodstained altar of Trog.
 12954 | D:9      | Noticed a two-headed ogre
 12964 | D:9      | Killed a two-headed ogre
 13286 | Lair:1   | HP: 3/68 [komodo dragon (11)]
 13289 | Lair:1   | Mangled by a komodo dragon

Illustrated notes

Levels and vault maps discovered:
D:1:      dpeg_arrival_concentric_ovals, layout_loops_ring, serial_bayou_pond_b
D:2:      layout_loops_ring, basic_altar
D:3:      layout_basic
D:4:      layout_rooms, mainiacjoe_overflow_big_doors,
          mainiacjoe_overflow_concentric_impassable,
          mainiacjoe_overflow_chevrons
D:5:      layout_loops_corners, serial_shops, nicolae_lakefront_shop, shop
D:6:      layout_basic, minmay_temple_entry_tees
D:7:      layout_loops_corners, lightli_temple_of_fire,
          grunt_temple_overflow_open, ebering_ghost_rock_garden, uniq_joseph
D:8:      layout_loops_cross, lemuel_crystal_altar, lair_entry_dummy,
          uniq_prince_ribbit1
D:9:      corexii_shack_village, layout_irregular_city,
          grunt_temple_overflow_opulence, gammafunk_temple_overflow_forgotten,
          grunt_ministairs_14
Temple:   corrupted_temple
Lair:1:   layout_cave_pods, serial_bayou_shore_a, uniq_urug

Skill      XL: |  1  2  3  4  5  6  7  8  9 10 |
---------------+-------------------------------+-----
Short Blades   | 3 |  3.1
Stealth        | 7 |  7.7
Dodging        | 3 4 5 6 7 |  7.6
Fighting       | 4 5 6 7 |  7.4
Maces & Flails | 1 2 3 4 5 |  5.3
Spellcasting   | 1 2 3 4 5 |  5.7
Transmutations | 1 2 3 4 5 |  5.8
Poison Magic   | 1 2 |  2.1
Necromancy     | 1 2 4 |  4.1
Shields        | 1 2 |  2.5
Earth Magic    | 2 |  2.5
Armour         | |  0.2

Action                   |  1- 3 |  4- 6 |  7- 9 | 10-12 || total
-------------------------+-------+-------+-------+-------++-------
Melee: Short sword       |    13 |       |       |       ||    13
       Mace              |       |    41 |   334 |   154 ||   529
       Kick              |       |       |     9 |    10 ||    19
       Headbutt          |       |       |     4 |    16 ||    20
 Cast: Beastly Appendage |       |       |     8 |     7 ||    15
       Wereblood         |       |       |       |     1 ||     1
Invok: Curse Item        |       |       |     1 |     2 ||     3
  Use: Scroll            |       |       |     6 |       ||     6
       Potion            |       |       |     2 |     2 ||     4
 Stab: Sleeping          |     1 |     7 |    30 |     8 ||    46
       Distracted        |       |       |     2 |     1 ||     3
Armor: Leather armour    |     5 |     5 |    96 |     7 ||   113
       Steam dragon scal |       |       |       |    26 ||    26
Dodge: Dodged            |    18 |    32 |   320 |   134 ||   504

Table legend: (Time is in decaauts)
 A = Elapsed time spent in this place.
 B = Non-inter-level travel time spent in this place.
 C = Inter-level travel time spent in this place.
 D = Time resting spent in this place.
 E = Time spent auto-exploring this place.
 F = Levels seen in this place.
 G = Mean time per level.
                   A        B        C        D        E       F      G
               +--------+--------+--------+--------+--------+-----+--------+
         Total |  13417 |  12987 |    430 |   1774 |   9736 |  11 | 1219.7 |
       Dungeon |  13340 |  12927 |    413 |   1774 |   9707 |   9 | 1482.2 |
        Temple |     63 |     48 |     15 |      0 |     29 |   1 |   63.0 |
          Lair |     13 |     11 |      2 |      0 |      0 |   1 |   13.0 |
               +--------+--------+--------+--------+--------+-----+--------+

Top non-repeatable levels by time:
     D:8: 2498 daAuts
     D:5: 2167 daAuts
     D:7: 1888 daAuts
     D:6: 1583 daAuts
     D:9: 1413 daAuts
     D:4: 1066 daAuts
     D:1: 994 daAuts
     D:3: 913 daAuts
     D:2: 815 daAuts
  Temple: 63 daAuts
  Lair:1: 13 daAuts
